 Dungeon Crawl Stone Soup version 0.30-b1-2-g02819fbbbe (webtiles) character file.

Game seed: 9151548821654287510

10 Alarkh the Shooter (level 2, 22/22 HPs)
             Began as a Demonspawn Hunter on May 25, 2023.
             Got out of the dungeon alive.
             The game lasted 00:00:36 (308 turns).

Alarkh the Shooter (Demonspawn Hunter)               Turns: 308, Time: 00:00:37

Health: 22/22      AC:  3    Str: 11    XL:     2   Next: 10%
Magic:  2/2        EV: 11    Int: 10    God:
Gold:   18         SH:  0    Dex: 16    Spells: 1/1 levels left

rFire   . . .        a - +0 shortbow
rCold   . . .        (shield currently unavailable)
rNeg    . . .        c - +0 leather armour
rPois   .            (no helmet)
rElec   .            (no cloak)
rCorr   .            (no gloves)
SInv    .            (no boots)
Will    .....        (no amulet)
Stlth   +            (no ring)
HPRegen 0.23/turn    (no ring)
MPRegen 0.16/turn

%: no passive effects
@: no status effects
A: magic regeneration
a: no special abilities


You escaped.
You visited 1 branch of the dungeon, and saw 1 of its levels.

You collected 18 gold pieces.

Inventory:

Hand Weapons
 a - a +0 shortbow (weapon)
Armour
 c - a +0 leather armour (worn)
Magical Staves
 d - a staff of death
Scrolls
 b - a scroll of immolation
 e - a scroll of identify {unknown}
 f - a scroll of vulnerability {unknown}


   Skills:
 - Level 2.0 Fighting
 + Level 4.1 Ranged Weapons
 - Level 1.7 Dodging
 - Level 0.8 Stealth


You had one spell level left.
You didn't know any spells.
Your spell library contained the following spells:

 Spells                   Type           Power      Damage    Failure   Level
 Volatile Blastmotes      Fire/Tloc      0%         2d10      83%         3
 Fulminant Prism          Conj/Hex       0%         3d5       99%         4
 Iskenderun's Mystic Bla  Conj/Tloc      0%         2d3       99%         4
 Lee's Rapid Deconstruct  Erth           0%         3d4*      100%        5


Dungeon Overview and Level Annotations

Branches:
Dungeon (1/15)

Altars:


Innate Abilities, Weirdness & Mutations

You regenerate magic rapidly.


Message History

You shoot an arrow. The arrow hits the bat!
You kill the bat!
Your Ranged Weapons skill increases to level 4!
No target in view!
No target in view!
You now have 7 gold pieces.
A bat comes into view.
A bat is nearby!
A bat is nearby!
You shoot an arrow. The arrow hits the bat!
You kill the bat!
You have reached level 2!
Your demonic ancestry asserts itself...
Your magic begins to regenerate rapidly.
You now have 18 gold pieces (gained 11).
You pick up a book of Blasting and begin reading...
You add the spells Volatile Blastmotes, Fulminant Prism, Iskenderun's Mystic Blast and Lee's Rapid Deconstruction to your library.
A kobold comes into view. It is wielding a +0 short sword.
A kobold is nearby!
You shoot an arrow. The arrow hits the kobold!
You kill the kobold!
No target in view!
A bat comes into view.
A bat is nearby!
A bat is nearby!
You shoot an arrow. The arrow hits the bat.
The bat is severely wounded.
You shoot an arrow. The arrow hits the bat.
You kill the bat!
No target in view!
You see here a bat corpse.
A rat comes into view.
A rat is nearby!
A rat is nearby!
You shoot an arrow. The arrow hits the rat.
You kill the rat!
No target in view!
There is a staircase leading out of the dungeon here.
Are you sure you want to leave the Dungeon?
This will make you lose the game!
You have escaped!

#.# ......#.###
#..#..##.#.## #.# #.....###
#..##.#.†...# #.#
####...#...## #..##.#......
#.#
#......##...###..##.#......
#.###..#..8.........#.....#
#. #......................
# #...........###.......#
#.....8.....# #.......#
##....@.....###........
#.8.....8.............
......≈≈≈...............
.>####≈≈≈≈≈##............ .
#≈§≈≈≈##........#.#.
#≈§>≈≈########..#.#.
####### ### #. #. #.


There were no monsters in sight!

Vanquished Creatures
  A ball python (D:1)
  3 bats (D:1)
  A goblin (D:1)
  2 hobgoblins (D:1)
  A kobold (D:1)
  A rat (D:1)
9 creatures vanquished.

Notes
Turn   | Place    | Note
-------+----------+-------------------------------------------
     0 | D:1      | Alarkh the Demonspawn Hunter began the quest for the Orb.
     0 | D:1      | Reached XP level 1. HP: 16/16 MP: 1/1
   167 | D:1      | Reached skill level 4 in Ranged Weapons
   177 | D:1      | Gained mutation: You regenerate magic rapidly. [demonic
                  | ancestry]
   177 | D:1      | Reached XP level 2. HP: 22/22 MP: 2/2
   308 | D:$      | Got out of the dungeon alive.

Illustrated notes

Levels and vault maps discovered:
D:1:      grunt_arrival_lava_bath, layout_rooms, serial_shops, shop,
          serial_co_window_serial, co_window_paths_a, co_window_corner_a,
          co_window_corner_a, co_window_paths_a, co_window_paths_a,
          co_window_paths_a, co_window_broadway_b, co_window_of_opportunity_b,
          co_window_corner_ca, co_window_unsneaky_path_e,
          co_window_unsneaky_path_a, co_window_4corner_b,
          shapermc_ecumenical_altar_acropolis, minivault_14,
          wad_floor_pattern_untrapped

Skill      XL: |  1 |
---------------+----+-----
Ranged Weapons | 4 |  4.1
Fighting       | |  2.0
Dodging        | |  1.7
Stealth        | |  0.8

Action                     || total
---------------------------++-------
   Fire: Shortbow          ||    20
  Dodge: Dodged            ||     1
